Bruins vs Penguins

Created - Sunday, December 28, 2014 at 23:22

Goals
1 2 3 OT1 SO T
Bruins 0 0 1 0 0 1
Penguins 0 1 0 0 1 2
Shots
1 2 3 OT1 SO T
Bruins 7 10 21 0 3 38
Penguins 9 1 7 5 3 22

1st period

No Goal

Penalties :
No Penalty

2nd period

1. Penguins , Andrej Sustr 31 (J.C. Lipon, Dan Biega) at 17:40

Penalties :
J.C. Lipon (WBS) for Tripping (Minor) at 18:06

3rd period

2. Bruins , Derek Dorsett 16 (Jim Slater) at 0:15

Penalties :
Brandon Manning (Pro) for Cross-checking (Minor) at 13:11

Overtime #1

No Goal

Penalties :
No Penalty

Shootout

Penalty Shot by Scott Timmins for Bruins - Shot Misses the Net
Penalty Shot by Curtis McKenzie for Penguins - Shot Misses the Net
Penalty Shot by Anton Lander for Bruins - Stopped by Keith Kinkaid
Penalty Shot by Mark McNeill for Penguins - Shot Misses the Net
Penalty Shot by Derek Dorsett for Bruins - Stopped by Keith Kinkaid
Penalty Shot by Matt Kassian for Penguins - Goal!

Penalties :
No Penalty

Goalie Stats

Philipp Grubauer (Pro), 21 saves from 22 shots - (0.955), OTL, 20-2-6, 65:00 minutes
Keith Kinkaid (WBS), 37 saves from 38 shots - (0.974), W, 24-3-11, 65:00 minutes

Players Stats for Bruins

Player Name              G  A  P  +/- PIM S  H  SB GA TA FO     MP     PP MP  PK MP  
------------------------------------------------------------------------------------
Anton Lander             0  0  0   1  0   2  3  0  2  0  0/0    22:43   0:55   0:53 
Brandon Alderson         0  0  0   0  0   1  2  0  0  1  0/0    16:54   0:00   0:00 
Brandon Manning          0  0  0   0  2   0  5  1  0  1  0/0    22:08   0:50   0:00 
Conor Allen              0  0  0   0  0   2  0  0  1  1  0/0    27:49   1:09   1:01 
Derek Dorsett            1  0  1   1  0   6  3  1  3  1  0/0    16:51   0:55   0:00 
Dmitry Korobov           0  0  0   0  0   1  2  1  1  2  0/0    26:34   1:09   1:38 
Jake Newton              0  0  0   0  0   0  1  0  0  2  0/0    10:35   0:00   0:00 
Jim Slater               0  1  1   1  0   1  0  0  2  1  4/13   17:19   0:55   0:12 
John Mitchell A          0  0  0   0  0   0  0  0  0  0  0/0     0:48   0:00   0:00 
Kael Mouillierat         0  0  0  -1  0   3  3  0  1  1  5/10   18:41   1:04   1:25 
Magnus Nygren            0  0  0   0  0   3  0  0  1  1  0/0    18:48   0:00   0:58 
Marc Hagel               0  0  0   0  0   1  3  0  2  1  1/1    14:35   0:00   0:00 
Patrick Bordeleau        0  0  0  -1  0   7  2  0  4  0  0/0    17:40   1:04   0:00 
Patrick Cehlin           0  0  0   0  0   0  1  0  1  0  0/0     9:50   0:00   0:00 
Raman Hrabarenka         0  0  0   0  0   1  1  5  2  1  0/0    24:11   0:50   0:21 
Scott Timmins            0  0  0   0  0   5  2  1  3  0  3/6    17:51   0:00   0:44 
Simon Moser              0  0  0  -1  0   4  1  0  0  2  0/0    20:06   1:04   0:44 
Tim Sestito              0  0  0   0  0   1  1  0  4  1  3/4    14:32   0:00   0:00 

Players Stats for Penguins

Player Name              G  A  P  +/- PIM S  H  SB GA TA FO     MP     PP MP  PK MP  
------------------------------------------------------------------------------------
Andrej Sustr             1  0  1   1  0   4  1  2  2  1  0/0    26:22   0:57   0:02 
Carson McMillan          0  0  0   0  0   1  1  0  0  0  4/6    17:31   1:20   0:00 
Charles Sarault          0  0  0   0  0   0  1  0  0  0  1/5    17:57   0:00   0:00 
Chris Huxley             0  0  0   0  0   0  0  3  1  1  0/0    18:59   0:00   1:57 
Cody Ceci                0  0  0   0  0   0  3  0  0  1  0/0    26:07   0:38   0:00 
Curtis McKenzie          0  0  0   0  0   2  0  0  2  1  4/8    24:55   0:39   1:57 
Dan Biega                0  1  1   0  0   0  0  2  0  3  0/0    25:17   0:57   0:02 
Dean Arsene              0  0  0   0  0   1  0  0  0  0  0/0     4:07   0:24   0:00 
Drew Bagnall             0  0  0   0  0   0  0  0  0  0  0/0     0:00   0:00   0:00 
Hunter Bishop            0  0  0   0  0   1  2  1  0  1  0/0    14:47   0:00   0:00 
J.C. Lipon               0  1  1   0  2   1  0  0  6  0  1/1    20:23   0:39   0:00 
Jeff Schultz             0  0  0  -1  0   1  1  0  0  2  0/0    29:06   1:02   1:57 
Linden Vey               0  0  0   0  0   4  1  0  2  2  2/3    20:25   0:00   0:00 
Mark McNeill             0  0  0   0  0   1  1  1  1  1  6/10   22:30   0:39   1:57 
Matt Kassian             0  0  0   0  0   4  2  1  2  0  0/0    16:46   1:20   0:02 
Matt Mangene             0  0  0   0  0   0  0  0  0  0  0/0     4:15   0:00   0:00 
Philippe Cornet          0  0  0   0  0   1  1  0  1  1  0/1    16:22   1:20   0:02 
Tye McGinn               0  0  0   0  0   1  2  0  6  1  0/0    12:06   0:00   0:00 

3 Stars

1 - Keith Kinkaid (WBS)
2 - Derek Dorsett (Pro)
3 - Philipp Grubauer (Pro)

Power Play

Bruins - 0 on 1 Attempt(s) - 0.00%
Penguins - 0 on 1 Attempt(s) - 0.00%

Penalty Kill

Bruins - 1 on 1 Attempt(s) - 100.00% - Score 0 goal in Penalty Kill
Penguins - 1 on 1 Attempt(s) - 100.00% - Score 0 goal in Penalty Kill

Official

Referees : Unknown
Linesman : Unknown

Game Notes

Jake Newton is injured at 15:16 of 2nd period (Sprained Left Finger)

Finance

Level 1 -- Attendance: 1396 (69.80%) -- Ticket Income $48,860
Level 2 -- Attendance: 822 (82.20%) -- Ticket Income $12,330
Total Attendance: 2218 (73.93%)
Total Ticket Income: $61,190
Other Income: $29,983
Total Income: $91,173

Bruins

5 vs 5 Forward 
   Center                   Left Wing                Right Wing               Time % Phy DF OF 
 1 Jim Slater               Anton Lander             Derek Dorsett            35     1   2  2  
 2 Kael Mouillierat         Patrick Bordeleau        Simon Moser              30     1   2  2  
 3 Tim Sestito              Patrick Cehlin           Anton Lander             22     1   2  2  
 4 Scott Timmins            Marc Hagel               Brandon Alderson         13     1   2  2  

5 vs 5 Defense 
   Defense                  Defense                                           Time % Phy DF OF 
 1 Dmitry Korobov           Conor Allen                                       35     1   2  2  
 2 Raman Hrabarenka         Brandon Manning                                   30     1   2  2  
 3 Magnus Nygren            Jake Newton                                       22     1   2  2  
 4 Dmitry Korobov           Conor Allen                                       13     1   2  2  

PowerPlay Forward 
   Center                   Left Wing                Right Wing               Time % Phy DF OF 
 1 Jim Slater               Anton Lander             Derek Dorsett            60     1   2  2  
 2 Kael Mouillierat         Patrick Bordeleau        Simon Moser              40     1   2  2  

PowerPlay Defense
   Defense                  Defense                                           Time % Phy DF OF 
 1 Dmitry Korobov           Conor Allen                                       60     1   2  2  
 2 Raman Hrabarenka         Brandon Manning                                   40     1   2  2  

Penalty Kill 4 Players Forward 
   Center                   Wing                     Time % Phy DF OF 
 1 Kael Mouillierat         Anton Lander             60     1   2  2  
 2 Derek Dorsett            Patrick Bordeleau        40     1   2  2  

Penalty Kill 4 Players Defense
   Defense                  Defense                  Time % Phy DF OF 
 1 Dmitry Korobov           Conor Allen              60     1   2  2  
 2 Raman Hrabarenka         Brandon Manning          40     1   2  2  

Penalty Kill - 3 Players Forward 
   Forward                                           Time % Phy DF OF 
 1 Derek Dorsett                                     60     1   2  2  
 2 Anton Lander                                      40     1   2  2  

Penalty Kill - 3 Players Defense
   Defense                  Defense                  Time % Phy DF OF 
 1 Dmitry Korobov           Conor Allen              60     1   2  2  
 2 Raman Hrabarenka         Brandon Manning          40     1   2  2  

4 vs 4 Forward 
   Center                   Wing                     Time % Phy DF OF 
 1 Tim Sestito              Anton Lander             60     1   2  2  
 2 Derek Dorsett            Patrick Bordeleau        40     1   2  2  

4 vs 4 Defense
   Defense                  Defense                  Time % Phy DF OF 
 1 Dmitry Korobov           Conor Allen              60     1   2  2  
 2 Raman Hrabarenka         Brandon Manning          40     1   2  2  

Last Minutes Offensive
   Center                   Left Wing                Right Wing               Defense                  Defense                  
   Jim Slater               Anton Lander             Derek Dorsett            Dmitry Korobov           Conor Allen              

Last Minutes Defensive
   Center                   Left Wing                Right Wing               Defense                  Defense                  
   Jim Slater               Anton Lander             Derek Dorsett            Dmitry Korobov           Conor Allen              

Goaltenders
Starting : Philipp Grubauer         
Backup : Carsen Chubak            

Extra Forwards
Normal : Tim Sestito, Anton Lander, Scott Timmins - PP : Tim Sestito, Anton Lander - PK : Scott Timmins
Extra Defensemen
Normal : Magnus Nygren, Jake Newton, Raman Hrabarenka - PP : Magnus Nygren - PK : Jake Newton, Raman Hrabarenka
Penalty Shots
Scott Timmins, Anton Lander, Derek Dorsett, Patrick Bordeleau, Kael Mouillierat

Penguins

5 vs 5 Forward 
   Center                   Left Wing                Right Wing               Time % Phy DF OF 
 1 Mark McNeill             Curtis McKenzie          J.C. Lipon               35     1   2  2  
 2 Carson McMillan          Matt Kassian             Linden Vey               30     1   2  2  
 3 Charles Sarault          Philippe Cornet          Linden Vey               22     1   2  2  
 4 Curtis McKenzie          Hunter Bishop            Tye McGinn               13     1   2  2  

5 vs 5 Defense 
   Defense                  Defense                                           Time % Phy DF OF 
 1 Cody Ceci                Jeff Schultz                                      35     1   2  2  
 2 Andrej Sustr             Dan Biega                                         30     1   2  2  
 3 Andrej Sustr             Chris Huxley                                      22     1   2  2  
 4 Dan Biega                Jeff Schultz                                      13     1   2  2  

PowerPlay Forward 
   Center                   Left Wing                Right Wing               Time % Phy DF OF 
 1 Mark McNeill             Curtis McKenzie          J.C. Lipon               60     1   2  2  
 2 Carson McMillan          Matt Kassian             Philippe Cornet          40     1   2  2  

PowerPlay Defense
   Defense                  Defense                                           Time % Phy DF OF 
 1 Cody Ceci                Jeff Schultz                                      60     1   2  2  
 2 Andrej Sustr             Dan Biega                                         40     1   2  2  

Penalty Kill 4 Players Forward 
   Center                   Wing                     Time % Phy DF OF 
 1 Curtis McKenzie          Mark McNeill             60     1   2  2  
 2 Matt Kassian             Philippe Cornet          40     1   2  2  

Penalty Kill 4 Players Defense
   Defense                  Defense                  Time % Phy DF OF 
 1 Chris Huxley             Jeff Schultz             60     1   2  2  
 2 Andrej Sustr             Dan Biega                40     1   2  2  

Penalty Kill - 3 Players Forward 
   Forward                                           Time % Phy DF OF 
 1 Curtis McKenzie                                   60     1   2  2  
 2 Mark McNeill                                      40     1   2  2  

Penalty Kill - 3 Players Defense
   Defense                  Defense                  Time % Phy DF OF 
 1 Chris Huxley             Jeff Schultz             60     1   2  2  
 2 Andrej Sustr             Dan Biega                40     1   2  2  

4 vs 4 Forward 
   Center                   Wing                     Time % Phy DF OF 
 1 Curtis McKenzie          Mark McNeill             60     1   2  2  
 2 Matt Kassian             Philippe Cornet          40     1   2  2  

4 vs 4 Defense
   Defense                  Defense                  Time % Phy DF OF 
 1 Cody Ceci                Jeff Schultz             60     1   2  2  
 2 Andrej Sustr             Dan Biega                40     1   2  2  

Last Minutes Offensive
   Center                   Left Wing                Right Wing               Defense                  Defense                  
   Mark McNeill             Curtis McKenzie          J.C. Lipon               Cody Ceci                Jeff Schultz             

Last Minutes Defensive
   Center                   Left Wing                Right Wing               Defense                  Defense                  
   Mark McNeill             Curtis McKenzie          J.C. Lipon               Cody Ceci                Jeff Schultz             

Goaltenders
Starting : Keith Kinkaid            
Backup : Mark Visentin            

Extra Forwards
Normal : Charles Sarault, Hunter Bishop, Curtis McKenzie - PP : Charles Sarault, Hunter Bishop - PK : Curtis McKenzie
Extra Defensemen
Normal : Jeff Schultz, Chris Huxley, Andrej Sustr - PP : Andrej Sustr - PK : Chris Huxley, Andrej Sustr
Penalty Shots
Curtis McKenzie, Mark McNeill, Matt Kassian, Philippe Cornet, J.C. Lipon

% Time on Ice - Bruins

Lines # - Real PCT - Wanted PCT - Time Play
Normal Forward
1 - 28% - 35% - 15:32
2 - 29% - 30% - 16:04
3 - 18% - 22% - 9:51
4 - 26% - 13% - 14:35
Normal Defense
1 - 28% - 35% - 15:42
2 - 33% - 30% - 18:42
3 - 31% - 22% - 17:34
4 - 7% - 13% - 4:04
PP Forward
1 - 46% - 60% - 0:55
2 - 54% - 40% - 1:04
PP Defense
1 - 58% - 60% - 1:09
2 - 42% - 40% - 0:50
PK Forward
1 - 100% - 60% - 1:59
2 - 0% - 40% - 0:00
PK Defense
1 - 82% - 60% - 1:38
2 - 18% - 40% - 0:21
PK3 Forward
1 - 0% - 60%
2 - 0% - 40%
PK3 Defense
1 - 0% - 60%
2 - 0% - 40%
44 Forward
1 - 89% - 60% - 4:28
2 - 11% - 40% - 0:32
44 Defense
1 - 56% - 60% - 2:47
2 - 44% - 40% - 2:13
Last Minute Offensive  - 0:00
Last Minute Defensive  - 0:00
Total
Forward - 65:00
Defense - 65:00

% Time on Ice - Penguins

Lines # - Real PCT - Wanted PCT - Time Play
Normal Forward
1 - 31% - 35% - 17:11
2 - 27% - 30% - 14:53
3 - 21% - 22% - 11:52
4 - 22% - 13% - 12:06
Normal Defense
1 - 33% - 35% - 18:23
2 - 26% - 30% - 14:48
3 - 27% - 22% - 15:00
4 - 14% - 13% - 7:51
PP Forward
1 - 33% - 60% - 0:39
2 - 67% - 40% - 1:20
PP Defense
1 - 52% - 60% - 1:02
2 - 48% - 40% - 0:57
PK Forward
1 - 98% - 60% - 1:57
2 - 2% - 40% - 0:02
PK Defense
1 - 98% - 60% - 1:57
2 - 2% - 40% - 0:02
PK3 Forward
1 - 0% - 60%
2 - 0% - 40%
PK3 Defense
1 - 0% - 60%
2 - 0% - 40%
44 Forward
1 - 90% - 60% - 4:29
2 - 10% - 40% - 0:31
44 Defense
1 - 60% - 60% - 3:00
2 - 40% - 40% - 2:00
Last Minute Offensive  - 0:00
Last Minute Defensive  - 0:00
Total
Forward - 65:00
Defense - 65:00

Play by Play

1st period


0:01 of 1st period - J.C. Lipon wins face-off versus Jim Slater in neutral zone.
0:04 of 1st period - Wrist shot by Mark McNeill.
0:04 of 1st period - Shot Blocked by Derek Dorsett.
0:52 of 1st period - Simon Moser is hit by Linden Vey.
1:06 of 1st period - Slapshot by Andrej Sustr.
1:06 of 1st period - Stopped by Philipp Grubauer with a rebound.
1:08 of 1st period - Snap shot by Linden Vey.
1:08 of 1st period - Stopped by Philipp Grubauer without a rebound.
1:09 of 1st period - Marc Hagel wins face-off versus Charles Sarault in Bruins zone.
1:53 of 1st period - Brandon Alderson is hit by Tye McGinn and loses puck.
3:26 of 1st period - Andrej Sustr is hit by Derek Dorsett and loses puck.
4:15 of 1st period - Marc Hagel is hit by Mark McNeill and loses puck.
4:50 of 1st period - Wrist shot by Patrick Bordeleau.
4:50 of 1st period - Stopped by Keith Kinkaid with a rebound.
5:36 of 1st period - Off-side.
5:37 of 1st period - Mark McNeill wins face-off versus Kael Mouillierat in neutral zone.
7:51 of 1st period - Jim Slater is hit by Cody Ceci and loses puck.
8:04 of 1st period - Snap shot by Andrej Sustr.
8:04 of 1st period - Shot Blocked by Brandon Manning.
8:14 of 1st period - Slapshot by Andrej Sustr.
8:14 of 1st period - Deflect By J.C. Lipon.
8:14 of 1st period - Stopped by Philipp Grubauer with a rebound.
9:58 of 1st period - Simon Moser is hit by Hunter Bishop and loses puck.
10:05 of 1st period - Snap shot by Jeff Schultz.
10:05 of 1st period - Shot Misses the Net.
10:07 of 1st period - Wrist shot by Tye McGinn.
10:07 of 1st period - Stopped by Philipp Grubauer without a rebound.
10:08 of 1st period - Curtis McKenzie wins face-off versus Kael Mouillierat in Bruins zone.
10:54 of 1st period - Slapshot by Brandon Manning.
10:54 of 1st period - Shot Blocked by Chris Huxley.
11:00 of 1st period - Snap shot by Scott Timmins.
11:00 of 1st period - Stopped by Keith Kinkaid with a rebound.
11:06 of 1st period - Slapshot by Andrej Sustr.
11:06 of 1st period - Stopped by Philipp Grubauer with a rebound.
11:26 of 1st period - Snap shot by Mark McNeill.
11:26 of 1st period - Shot Misses the Net.
11:28 of 1st period - Snap shot by Dean Arsene.
11:28 of 1st period - Stopped by Philipp Grubauer with a rebound.
11:48 of 1st period - Wrist shot by Kael Mouillierat.
11:48 of 1st period - Stopped by Keith Kinkaid with a rebound.
11:50 of 1st period - Snap shot by Simon Moser.
11:50 of 1st period - Stopped by Keith Kinkaid without a rebound.
11:51 of 1st period - Kael Mouillierat wins face-off versus Charles Sarault in Penguins zone.
12:38 of 1st period - Snap shot by Kael Mouillierat.
12:38 of 1st period - Shot Misses the Net.
12:41 of 1st period - Icing by Carson McMillan.
12:42 of 1st period - Linden Vey wins face-off versus Kael Mouillierat in Penguins zone.
13:29 of 1st period - Charles Sarault is hit by Anton Lander and loses puck.
13:56 of 1st period - Snap shot by Derek Dorsett.
13:56 of 1st period - Stopped by Keith Kinkaid with a rebound.
14:33 of 1st period - Brandon Manning is hit by Hunter Bishop and loses puck.
14:46 of 1st period - Kael Mouillierat is hit by Cody Ceci and loses puck.
15:10 of 1st period - Slapshot by Marc Hagel.
15:10 of 1st period - Deflect By Scott Timmins.
15:10 of 1st period - Stopped by Keith Kinkaid without a rebound.
15:11 of 1st period - Scott Timmins wins face-off versus Mark McNeill in Penguins zone.
15:32 of 1st period - Mark McNeill is hit by Anton Lander and loses puck.
16:01 of 1st period - Wrist shot by Derek Dorsett.
16:01 of 1st period - Shot Blocked by Matt Kassian.
16:14 of 1st period - Snap shot by Matt Kassian.
16:14 of 1st period - Stopped by Philipp Grubauer without a rebound.
16:15 of 1st period - Linden Vey wins face-off versus Scott Timmins in Bruins zone.
17:03 of 1st period - Snap shot by Matt Kassian.
17:03 of 1st period - Stopped by Philipp Grubauer with a rebound.
17:39 of 1st period - Wrist shot by Scott Timmins.
17:39 of 1st period - Shot Hit the Post.
18:18 of 1st period - J.C. Lipon is hit by Tim Sestito.
18:22 of 1st period - Snap shot by Matt Kassian.
18:22 of 1st period - Stopped by Philipp Grubauer with a rebound.
18:30 of 1st period - J.C. Lipon is hit by Dmitry Korobov and loses puck.
19:07 of 1st period - Backhand shot by Jim Slater.
19:07 of 1st period - Shot Misses the Net.
19:09 of 1st period - Snap shot by Derek Dorsett.
19:09 of 1st period - Stopped by Keith Kinkaid with a rebound.
19:11 of 1st period - Slapshot by Magnus Nygren.
19:11 of 1st period - Shot Misses the Net.
19:47 of 1st period - Wrist shot by Patrick Bordeleau.
19:47 of 1st period - Shot Blocked by Mark McNeill.
19:55 of 1st period - Mark McNeill is hit by Brandon Manning and loses puck.
Goals for this period are 0 for Bruins vs 0 for Penguins.
Shots for this period are 7 for Bruins vs 9 for Penguins.

2nd period


0:01 of 2nd period - Mark McNeill wins face-off versus Jim Slater in neutral zone.
0:18 of 2nd period - Snap shot by Derek Dorsett.
0:18 of 2nd period - Stopped by Keith Kinkaid without a rebound.
0:19 of 2nd period - Mark McNeill wins face-off versus Jim Slater in Penguins zone.
1:09 of 2nd period - Snap shot by Patrick Bordeleau.
1:09 of 2nd period - Stopped by Keith Kinkaid with a rebound.
2:07 of 2nd period - Andrej Sustr is hit by Marc Hagel and loses puck.
2:30 of 2nd period - Snap shot by Tim Sestito.
2:30 of 2nd period - Stopped by Keith Kinkaid with a rebound.
3:08 of 2nd period - Wrist shot by Kael Mouillierat.
3:08 of 2nd period - Shot Misses the Net.
4:05 of 2nd period - Snap shot by Kael Mouillierat.
4:05 of 2nd period - Shot Misses the Net.
4:07 of 2nd period - Slapshot by Magnus Nygren.
4:07 of 2nd period - Shot Misses the Net.
4:11 of 2nd period - Snap shot by Simon Moser.
4:11 of 2nd period - Stopped by Keith Kinkaid with a rebound.
4:29 of 2nd period - Snap shot by Patrick Cehlin.
4:29 of 2nd period - Shot Blocked by Andrej Sustr.
4:31 of 2nd period - Wrist shot by Patrick Cehlin.
4:31 of 2nd period - Shot Misses the Net.
4:33 of 2nd period - Slapshot by Raman Hrabarenka.
4:33 of 2nd period - Shot Blocked by Chris Huxley.
5:42 of 2nd period - Cody Ceci is hit by Patrick Bordeleau.
5:45 of 2nd period - Off-side.
5:46 of 2nd period - Kael Mouillierat wins face-off versus Mark McNeill in neutral zone.
6:15 of 2nd period - Jake Newton is hit by Andrej Sustr and loses puck.
6:43 of 2nd period - Cody Ceci is hit by Jake Newton and loses puck.
7:02 of 2nd period - Dan Biega is hit by Patrick Bordeleau and loses puck.
7:47 of 2nd period - Mark McNeill is hit by Anton Lander and loses puck.
8:28 of 2nd period - Snap shot by Patrick Bordeleau.
8:28 of 2nd period - Shot Blocked by Hunter Bishop.
8:38 of 2nd period - Raman Hrabarenka is hit by Cody Ceci and loses puck.
9:16 of 2nd period - Linden Vey is hit by Derek Dorsett and loses puck.
9:27 of 2nd period - Snap shot by Derek Dorsett.
9:27 of 2nd period - Deflect By Jim Slater.
9:27 of 2nd period - Shot Misses the Net.
9:27 of 2nd period - Puck is out of play.
9:28 of 2nd period - Tim Sestito wins face-off versus Curtis McKenzie in Penguins zone.
9:42 of 2nd period - Snap shot by Anton Lander.
9:42 of 2nd period - Stopped by Keith Kinkaid with a rebound.
9:44 of 2nd period - Slapshot by Conor Allen.
9:44 of 2nd period - Deflect By Tye McGinn.
9:44 of 2nd period - Stopped by Keith Kinkaid with a rebound.
10:09 of 2nd period - Matt Kassian is hit by Brandon Alderson and loses puck.
10:42 of 2nd period - Chris Huxley is hit by Patrick Cehlin and loses puck.
11:11 of 2nd period - Andrej Sustr is hit by Marc Hagel and loses puck.
12:12 of 2nd period - Icing by Brandon Manning.
12:13 of 2nd period - Carson McMillan wins face-off versus Jim Slater in Bruins zone.
12:29 of 2nd period - Hunter Bishop is hit by Brandon Manning and loses puck.
13:09 of 2nd period - Marc Hagel is hit by Charles Sarault and loses puck.
13:38 of 2nd period - Simon Moser is hit by Tye McGinn and loses puck.
14:06 of 2nd period - Curtis McKenzie is hit by Marc Hagel.
14:10 of 2nd period - Andrej Sustr is hit by Brandon Manning and loses puck.
15:15 of 2nd period - Jake Newton is hit by Philippe Cornet and loses puck.
15:16 of 2nd period - Jake Newton from Bruins is injured at 15:16 of 2nd period (Sprained Left Finger).
15:17 of 2nd period - Jim Slater wins face-off versus Curtis McKenzie in Bruins zone.
15:26 of 2nd period - Snap shot by Mark McNeill.
15:26 of 2nd period - Shot Blocked by Dmitry Korobov.
16:13 of 2nd period - Wrist shot by Simon Moser.
16:13 of 2nd period - Shot Misses the Net.
16:29 of 2nd period - Wrist shot by Kael Mouillierat.
16:29 of 2nd period - Stopped by Keith Kinkaid with a rebound.
16:31 of 2nd period - Wrist shot by Simon Moser.
16:31 of 2nd period - Deflect By Patrick Bordeleau.
16:31 of 2nd period - Shot Misses the Net.
16:31 of 2nd period - Puck is out of play.
16:32 of 2nd period - Charles Sarault wins face-off versus Scott Timmins in Penguins zone.
17:40 of 2nd period - Slapshot by Andrej Sustr.
17:40 of 2nd period - Goal by Andrej Sustr - Bruins : 0 - Penguins : 1.
17:41 of 2nd period - Jim Slater wins face-off versus Mark McNeill in neutral zone.
18:04 of 2nd period - Wrist shot by Derek Dorsett.
18:04 of 2nd period - Shot Misses the Net.
18:06 of 2nd period - Minor Penalty to J.C. Lipon for Tripping.
18:07 of 2nd period - Curtis McKenzie wins face-off versus Kael Mouillierat in Penguins zone.
18:16 of 2nd period - Wrist shot by Patrick Bordeleau.
18:16 of 2nd period - Stopped by Keith Kinkaid with a rebound.
18:18 of 2nd period - Snap shot by Simon Moser.
18:18 of 2nd period - Shot Misses the Net.
18:20 of 2nd period - Slapshot by Simon Moser.
18:20 of 2nd period - Stopped by Keith Kinkaid with a rebound.
18:22 of 2nd period - Slapshot by Dmitry Korobov.
18:22 of 2nd period - Shot Misses the Net.
18:54 of 2nd period - Jeff Schultz is hit by Brandon Manning and loses puck.
19:09 of 2nd period - Wrist shot by Jim Slater.
19:09 of 2nd period - Shot Hit the Post.
19:11 of 2nd period - Snap shot by Anton Lander.
19:11 of 2nd period - Shot Blocked by Chris Huxley.
19:21 of 2nd period - Wrist shot by Jim Slater.
19:21 of 2nd period - Stopped by Keith Kinkaid with a rebound.
19:35 of 2nd period - Jeff Schultz is hit by Kael Mouillierat and loses puck.
Goals for this period are 0 for Bruins vs 1 for Penguins.
Shots for this period are 10 for Bruins vs 1 for Penguins.

3rd period


0:01 of 3rd period - Curtis McKenzie wins face-off versus Jim Slater in neutral zone.
0:06 of 3rd period - Penalty to J.C. Lipon is over, J.C. Lipon is back on ice.
0:07 of 3rd period - Off-side.
0:08 of 3rd period - Jim Slater wins face-off versus Curtis McKenzie in neutral zone.
0:15 of 3rd period - Slapshot by Derek Dorsett.
0:15 of 3rd period - Goal by Derek Dorsett - Bruins : 1 - Penguins : 1.
0:16 of 3rd period - Mark McNeill wins face-off versus Jim Slater in neutral zone.
1:09 of 3rd period - Conor Allen is hit by Matt Kassian and loses puck.
1:18 of 3rd period - Wrist shot by Linden Vey.
1:18 of 3rd period - Stopped by Philipp Grubauer without a rebound.
1:19 of 3rd period - Carson McMillan wins face-off versus Scott Timmins in Bruins zone.
1:38 of 3rd period - Snap shot by Matt Kassian.
1:38 of 3rd period - Shot Misses the Net.
2:18 of 3rd period - Snap shot by Patrick Bordeleau.
2:18 of 3rd period - Stopped by Keith Kinkaid with a rebound.
2:20 of 3rd period - Snap shot by Patrick Bordeleau.
2:20 of 3rd period - Stopped by Keith Kinkaid without a rebound.
2:21 of 3rd period - Mark McNeill wins face-off versus Jim Slater in Penguins zone.
2:32 of 3rd period - Slapshot by Derek Dorsett.
2:32 of 3rd period - Stopped by Keith Kinkaid with a rebound.
2:34 of 3rd period - Snap shot by Derek Dorsett.
2:34 of 3rd period - Shot Misses the Net.
2:36 of 3rd period - Slapshot by Anton Lander.
2:36 of 3rd period - Shot Misses the Net.
2:38 of 3rd period - Slapshot by Magnus Nygren.
2:38 of 3rd period - Stopped by Keith Kinkaid with a rebound.
2:40 of 3rd period - Slapshot by Magnus Nygren.
2:40 of 3rd period - Deflect By Derek Dorsett.
2:40 of 3rd period - Shot Blocked by Dan Biega.
2:40 of 3rd period - Puck is out of play.
2:41 of 3rd period - Mark McNeill wins face-off versus Jim Slater in Penguins zone.
3:18 of 3rd period - Snap shot by Kael Mouillierat.
3:18 of 3rd period - Stopped by Keith Kinkaid with a rebound.
3:40 of 3rd period - Wrist shot by Patrick Bordeleau.
3:40 of 3rd period - Stopped by Keith Kinkaid with a rebound.
3:42 of 3rd period - Wrist shot by Raman Hrabarenka.
3:42 of 3rd period - Shot Misses the Net.
3:44 of 3rd period - Slapshot by Raman Hrabarenka.
3:44 of 3rd period - Stopped by Keith Kinkaid with a rebound.
3:46 of 3rd period - Wrist shot by Simon Moser.
3:46 of 3rd period - Stopped by Keith Kinkaid with a rebound.
3:58 of 3rd period - Snap shot by Scott Timmins.
3:58 of 3rd period - Stopped by Keith Kinkaid with a rebound.
4:00 of 3rd period - Snap shot by Scott Timmins.
4:00 of 3rd period - Stopped by Keith Kinkaid with a rebound.
4:12 of 3rd period - Snap shot by Marc Hagel.
4:12 of 3rd period - Shot Misses the Net.
4:14 of 3rd period - Wrist shot by Scott Timmins.
4:14 of 3rd period - Deflect By Brandon Alderson.
4:14 of 3rd period - Shot Blocked by Andrej Sustr.
4:14 of 3rd period - Puck is out of play.
4:15 of 3rd period - Tim Sestito wins face-off versus Linden Vey in Penguins zone.
4:16 of 3rd period - Snap shot by Patrick Cehlin.
4:16 of 3rd period - Shot Misses the Net.
4:18 of 3rd period - Wrist shot by Anton Lander.
4:18 of 3rd period - Stopped by Keith Kinkaid with a rebound.
4:20 of 3rd period - Slapshot by Conor Allen.
4:20 of 3rd period - Stopped by Keith Kinkaid without a rebound.
4:21 of 3rd period - Tim Sestito wins face-off versus Philippe Cornet in Penguins zone.
4:44 of 3rd period - Snap shot by Patrick Cehlin.
4:44 of 3rd period - Shot Misses the Net.
5:09 of 3rd period - Snap shot by Simon Moser.
5:09 of 3rd period - Shot Misses the Net.
5:11 of 3rd period - Snap shot by Simon Moser.
5:11 of 3rd period - Shot Misses the Net.
5:56 of 3rd period - Slapshot by Magnus Nygren.
5:56 of 3rd period - Shot Misses the Net.
5:58 of 3rd period - Slapshot by Magnus Nygren.
5:58 of 3rd period - Shot Misses the Net.
6:16 of 3rd period - Slapshot by Brandon Alderson.
6:16 of 3rd period - Stopped by Keith Kinkaid with a rebound.
6:18 of 3rd period - Wrist shot by Scott Timmins.
6:18 of 3rd period - Stopped by Keith Kinkaid with a rebound.
7:57 of 3rd period - Snap shot by Matt Kassian.
7:57 of 3rd period - Deflect By Scott Timmins.
7:57 of 3rd period - Shot Blocked by Scott Timmins.
7:57 of 3rd period - Puck is out of play.
7:58 of 3rd period - Carson McMillan wins face-off versus Jim Slater in Bruins zone.
8:13 of 3rd period - Jim Slater is hit by Carson McMillan and loses puck.
8:48 of 3rd period - Tye McGinn is hit by Brandon Manning and loses puck.
9:11 of 3rd period - Matt Kassian is hit by Simon Moser and loses puck.
9:20 of 3rd period - Wrist shot by J.C. Lipon.
9:20 of 3rd period - Shot Misses the Net.
9:22 of 3rd period - Slapshot by Cody Ceci.
9:22 of 3rd period - Shot Misses the Net.
9:24 of 3rd period - Slapshot by Cody Ceci.
9:24 of 3rd period - Shot Blocked by Raman Hrabarenka.
10:06 of 3rd period - Snap shot by Brandon Alderson.
10:06 of 3rd period - Shot Misses the Net.
10:08 of 3rd period - Snap shot by Marc Hagel.
10:08 of 3rd period - Stopped by Keith Kinkaid with a rebound.
10:50 of 3rd period - Dan Biega is hit by Brandon Alderson and loses puck.
10:59 of 3rd period - Wrist shot by Carson McMillan.
10:59 of 3rd period - Stopped by Philipp Grubauer without a rebound.
11:00 of 3rd period - Scott Timmins wins face-off versus Carson McMillan in Bruins zone.
11:37 of 3rd period - Snap shot by Derek Dorsett.
11:37 of 3rd period - Stopped by Keith Kinkaid with a rebound.
11:53 of 3rd period - Slapshot by Linden Vey.
11:53 of 3rd period - Shot Blocked by Raman Hrabarenka.
11:55 of 3rd period - Wrist shot by Linden Vey.
11:55 of 3rd period - Shot Misses the Net.
12:13 of 3rd period - Andrej Sustr is hit by Scott Timmins and loses puck.
12:24 of 3rd period - Backhand shot by Hunter Bishop.
12:24 of 3rd period - Shot Misses the Net.
12:46 of 3rd period - Snap shot by Patrick Bordeleau.
12:46 of 3rd period - Stopped by Keith Kinkaid with a rebound.
12:48 of 3rd period - Wrist shot by Dmitry Korobov.
12:48 of 3rd period - Shot Misses the Net.
12:50 of 3rd period - Slapshot by Magnus Nygren.
12:50 of 3rd period - Stopped by Keith Kinkaid with a rebound.
12:52 of 3rd period - Slapshot by Magnus Nygren.
12:52 of 3rd period - Stopped by Keith Kinkaid with a rebound.
13:11 of 3rd period - Minor Penalty to Brandon Manning for Cross-checking.
13:12 of 3rd period - Carson McMillan wins face-off versus Kael Mouillierat in Bruins zone.
13:54 of 3rd period - Snap shot by Matt Kassian.
13:54 of 3rd period - Shot Misses the Net.
14:12 of 3rd period - Backhand shot by Mark McNeill.
14:12 of 3rd period - Deflect By Kael Mouillierat.
14:12 of 3rd period - Shot Misses the Net.
14:12 of 3rd period - Puck is out of play.
14:13 of 3rd period - Kael Mouillierat wins face-off versus Mark McNeill in Bruins zone.
14:34 of 3rd period - Snap shot by Simon Moser.
14:34 of 3rd period - Shot Misses the Net.
14:36 of 3rd period - Snap shot by Dmitry Korobov.
14:36 of 3rd period - Stopped by Keith Kinkaid with a rebound.
14:38 of 3rd period - Snap shot by Scott Timmins.
14:38 of 3rd period - Shot Blocked by Dan Biega.
15:08 of 3rd period - Jeff Schultz is hit by Kael Mouillierat and loses puck.
15:11 of 3rd period - Penalty to Brandon Manning is over, Brandon Manning is back on ice.
15:24 of 3rd period - Icing by Linden Vey.
15:25 of 3rd period - Scott Timmins wins face-off versus Charles Sarault in Penguins zone.
16:07 of 3rd period - Wrist shot by Tye McGinn.
16:07 of 3rd period - Shot Misses the Net.
16:09 of 3rd period - Wrist shot by Hunter Bishop.
16:09 of 3rd period - Shot Blocked by Raman Hrabarenka.
16:11 of 3rd period - Slapshot by Chris Huxley.
16:11 of 3rd period - Shot Misses the Net.
16:29 of 3rd period - Slapshot by Andrej Sustr.
16:29 of 3rd period - Shot Misses the Net.
16:31 of 3rd period - Snap shot by Andrej Sustr.
16:31 of 3rd period - Shot Blocked by Raman Hrabarenka.
16:47 of 3rd period - Snap shot by Linden Vey.
16:47 of 3rd period - Stopped by Philipp Grubauer without a rebound.
16:48 of 3rd period - Kael Mouillierat wins face-off versus Charles Sarault in Bruins zone.
16:59 of 3rd period - Slapshot by Andrej Sustr.
16:59 of 3rd period - Stopped by Philipp Grubauer with a rebound.
17:50 of 3rd period - Snap shot by J.C. Lipon.
17:50 of 3rd period - Deflect By Curtis McKenzie.
17:50 of 3rd period - Stopped by Philipp Grubauer with a rebound.
17:52 of 3rd period - Snap shot by Curtis McKenzie.
17:52 of 3rd period - Stopped by Philipp Grubauer with a rebound.
18:04 of 3rd period - Wrist shot by Matt Kassian.
18:04 of 3rd period - Stopped by Philipp Grubauer with a rebound.
18:06 of 3rd period - Slapshot by Jeff Schultz.
18:06 of 3rd period - Deflect By Matt Kassian.
18:06 of 3rd period - Shot Misses the Net.
18:06 of 3rd period - Puck is out of play.
18:07 of 3rd period - Kael Mouillierat wins face-off versus Carson McMillan in Bruins zone.
18:29 of 3rd period - Andrej Sustr is hit by Kael Mouillierat and loses puck.
18:54 of 3rd period - Linden Vey is hit by Derek Dorsett and loses puck.
19:25 of 3rd period - Dan Biega is hit by Dmitry Korobov and loses puck.
19:52 of 3rd period - Charles Sarault is hit by Raman Hrabarenka and loses puck.
Goals for this period are 1 for Bruins vs 0 for Penguins.
Shots for this period are 21 for Bruins vs 7 for Penguins.

Overtime #1


0:01 of 1st overtime period - Curtis McKenzie wins face-off versus Tim Sestito in neutral zone.
0:16 of 1st overtime period - Snap shot by Tim Sestito.
0:16 of 1st overtime period - Shot Misses the Net.
0:52 of 1st overtime period - Anton Lander is hit by Jeff Schultz.
1:44 of 1st overtime period - Andrej Sustr is hit by Scott Timmins and loses puck.
2:31 of 1st overtime period - Snap shot by Linden Vey.
2:31 of 1st overtime period - Stopped by Philipp Grubauer with a rebound.
3:15 of 1st overtime period - Snap shot by Andrej Sustr.
3:15 of 1st overtime period - Shot Blocked by Raman Hrabarenka.
3:23 of 1st overtime period - Wrist shot by Mark McNeill.
3:23 of 1st overtime period - Stopped by Philipp Grubauer without a rebound.
3:24 of 1st overtime period - Jim Slater wins face-off versus Curtis McKenzie in Bruins zone.
4:02 of 1st overtime period - Slapshot by Jeff Schultz.
4:02 of 1st overtime period - Stopped by Philipp Grubauer with a rebound.
4:04 of 1st overtime period - Snap shot by Hunter Bishop.
4:04 of 1st overtime period - Stopped by Philipp Grubauer with a rebound.
4:48 of 1st overtime period - Derek Dorsett is hit by Matt Kassian and loses puck.
4:53 of 1st overtime period - Snap shot by Matt Kassian.
4:53 of 1st overtime period - Shot Misses the Net.
4:55 of 1st overtime period - Snap shot by Philippe Cornet.
4:55 of 1st overtime period - Stopped by Philipp Grubauer with a rebound.
Goals for this period are 0 for Bruins vs 0 for Penguins.
Shots for this period are 0 for Bruins vs 5 for Penguins.

ShootOut


5:00 of 1st overtime period - Penalty Shot by Scott Timmins for Bruins.
5:00 of 1st overtime period - Wrist shot by Scott Timmins.
5:00 of 1st overtime period - Shot Misses the Net.
5:00 of 1st overtime period - Penalty Shot by Curtis McKenzie for Penguins.
5:00 of 1st overtime period - Deke by Curtis McKenzie.
5:00 of 1st overtime period - Shot Misses the Net.
5:00 of 1st overtime period - Penalty Shot by Anton Lander for Bruins.
5:00 of 1st overtime period - Deke by Anton Lander.
5:00 of 1st overtime period - Stopped by Keith Kinkaid.
5:00 of 1st overtime period - Penalty Shot by Mark McNeill for Penguins.
5:00 of 1st overtime period - Backhand shot by Mark McNeill.
5:00 of 1st overtime period - Shot Misses the Net.
5:00 of 1st overtime period - Penalty Shot by Derek Dorsett for Bruins.
5:00 of 1st overtime period - Snap shot by Derek Dorsett.
5:00 of 1st overtime period - Stopped by Keith Kinkaid.
5:00 of 1st overtime period - Penalty Shot by Matt Kassian for Penguins.
5:00 of 1st overtime period - Deke by Matt Kassian.
5:00 of 1st overtime period - Goal by Matt Kassian.


Output by the SimonT Hockey Simulator (STHS) for Eric Dolegowski -- Original Page W3C XHTML 1.0 Valid
Hockey Simulator - Hockey Simulation - Hockey Manager